Map: Ultralove

Players

DarkHand

  • Race: Protoss Protoss
  • Spawn Location: 1:00

wootwoot - Winner!

  • Race: Zerg Zerg
  • League: Platinum
  • Spawn Location: 7:00

VOD

Have the link to the VOD?

Description

Time

  • Played on: April 1, 2025, 10:15 p.m.
  • Length: 2:26
Show
View Real Time Build Order
Export as new Build Order

DarkHand Protoss 

Build Orders:  

Get SALT Encoding   

  1  0:00  Probe  
  12  0:06  Probe  
  14  0:20  Pylon  
  14  0:21  Probe  
  15  0:38  Probe  
  16  0:47  Gateway  
  16  0:51  Probe  
  17  1:03  Probe  
  18  1:04  Gateway  
  18  1:06  Assimilator  
  18  1:17  Gateway  
  18  1:18  Probe  
  19  1:24  Assimilator  
  19  1:32  Probe  
  19  1:38  Zealot  
  22  1:40  Probe  
  23  1:54  Pylon  
  23  1:55  Pylon  
  23  1:58  Pylon  
Show
View Real Time Build Order
Export as new Build Order

wootwoot Zerg - Winner!

Build Orders: Pool Only 

Get SALT Encoding   

  12  0:18  Spawning Pool  
  11  0:21  Drone  
  11  0:26  Drone  
  13  0:30  Drone  
  14  0:42  Overlord  
  14  1:05  Zergling x6  
  17  1:16  Zergling x2  
  18  1:29  Zergling x2  
  19  1:39  Zergling x2  
  20  1:48  Zergling x2  
  21  2:00  Zergling x2  
Tags
 
League
Platinum
Matchup
PvZ
Opening
Pool Only
Replay Pack
B2M-Replays
Spawn Locations
Cross Positions
Add a new tag
Caveats
  • Supply blocks, unpowered buildings, or Contaminate may cause inaccurate times.
  • Supply counts are checked every 10 seconds.